 Dungeon Crawl Stone Soup version 0.26.1-10-gdfb7c7de75 (webtiles) character file.

Game seed: 247344594272948122

646 Phaedo the Covert (level 7, -2/46 HPs)
             Began as an Octopode Delver on Apr 10, 2021.
             Slain by a centaur (10 damage)
             ... on level 5 of the Dungeon.
             The game lasted 00:08:46 (4457 turns).

Phaedo the Covert (Octopode Delver)                 Turns: 4457, Time: 00:08:46

Health: -2/46      AC:  2    Str: 12    XL:     7   Next: 52%
Magic:  7/7        EV: 15    Int: 14    God:
Gold:   243        SH:  0    Dex: 13    Spells: 6/6 levels left

rFire    . . .     SeeInvis .   a - +0 spear
rCold    . . .     Faith    .   (no shield)
rNeg     . . .     Spirit   .   k - +1 hat
rPois    .         Reflect  .   (no amulet)
rElec    .         Harm     .   (no ring)
rCorr    .         Rampage  .   (no ring)
Will     .....                  (no ring)
Stlth    +++++.....             (no ring)
HPRegen  0.15/turn              (no ring)
MPRegen  0.10/turn              (no ring)
                                (no ring)
                                (no ring)

@: hasted, very quick
A: almost no armour, stealthy swim, amphibious, 8 rings, constrict 8, camouflage
1, gelatinous body 1
a: no special abilities


You were on level 5 of the Dungeon.
You visited 1 branch of the dungeon, and saw 5 of its levels.

You collected 243 gold pieces.

Inventory:

Hand Weapons
 a - a +0 spear (weapon)
 q - a +1 vampiric spear
Missiles
 n - 89 stones (quivered)
 s - 4 atropa-tipped darts
 v - 23 bolts
Armour
 k - a +1 hat (worn)
Wands
 f - a wand of digging (3)
Scrolls
 b - 2 scrolls of fog
 c - 2 scrolls of magic mapping
 d - a scroll of fear
 e - 5 scrolls of identify {unknown}
 i - 2 scrolls of teleportation {unknown}
 l - 2 scrolls of blinking {unknown}
 r - a scroll of noise {unknown}
Potions
 g - 3 potions of curing
 h - 3 potions of attraction {unknown}
 j - 2 potions of heal wounds {unknown}
 m - 2 potions of haste
 o - a potion of mutation {unknown}
 p - a potion of lignification {unknown}
 t - a potion of ambrosia {unknown}


   Skills:
 - Level 3.0 Fighting
 + Level 4.9 Polearms
 + Level 4.9 Dodging
 + Level 9.3 Stealth


You had 6 spell levels left.
You didn't know any spells.
Your spell library contained the following spells:

 Spells                   Type           Power        Failure   Level
 Corona                   Hex            0%           28%         1
 Ensorcelled Hibernation  Hex/Ice        0%           41%         2
 Confusing Touch          Hex            0%           65%         3
 Dazzling Flash           Conj/Hex       0%           65%         3
 Tukima's Dance           Hex            0%           65%         3


Dungeon Overview and Level Annotations

Branches:
Dungeon (5/15)
 Temple: D:4-7

Altars:
Elyvilon
Okawaru
Yredelemnul

Annotations:
D:3 Terence
D:4 2 transporters, vesperbot's ghost, amateur TrHu


Innate Abilities, Weirdness & Mutations

You cannot wear most types of armour.
You are very stealthy in the water. (Stealth+)
You are amphibious.
You can wear up to eight rings at the same time.
You can use your tentacles to constrict eight enemies at once.
Your skin changes colour to match your surroundings (Stealth+).
Your rubbery body absorbs attacks. (AC +1, EV +1)


Message History

You closely miss the centaur.
The centaur is heavily wounded.
The centaur barely misses you.
You barely miss the centaur.
The centaur is heavily wounded.
The centaur barely misses you.
You barely miss the centaur.
The centaur is heavily wounded.
You hit the centaur but do no damage. Your squeeze misses the centaur.
The centaur is heavily wounded.
The centaur hits you.
* * * LOW HITPOINT WARNING * * *
You barely miss the centaur.
The centaur is heavily wounded.
The centaur barely misses you.
It was a potion of curing.
You feel better. The centaur misses you.
You hit the centaur but do no damage.
The centaur is heavily wounded.
The centaur hits you!
You die...

#........[# ##.#########.
#..##.##..# #.# #.
#.........# #.# #.
#.##...##.# ##'## ## #.
##.###.# ##...## #. #.###.#
##.....## ## #.###.##..#
##.......## ##.
#.........####.........####..
#..).(...()@c...(.....'.....
####.....####.........####..
#..#.## ##.......## ##.
#..### ##.....## ## #..#
##...## # ##..# ##'## # #.<.#
#)# # ##.## #(# # #.# ... .


You could see a centaur.

Vanquished Creatures
  Sigmund (D:3)
  An ogre (D:4)
  A scorpion (D:5)
  2 orc priests (D:5)
  2 iguanas
  3 worker ants
  2 worker ant zombies (D:4)
  2 adders
  3 gnolls (D:3)
  An ufetubus (D:5)
  An adder zombie (D:4)
  An adder skeleton (D:4)
  5 worms
  3 dart slugs
  2 leopard geckos
  2 orcs (D:5)
  4 giant cockroaches
  6 goblins
  4 hobgoblins
  4 jackals
  8 kobolds
  2 quokkas (D:2)
  A ball python (D:2)
  A ball python skeleton (D:4)
  8 bats
  5 frilled lizards
  A giant cockroach zombie (D:4)
  12 rats
88 creatures vanquished.

Vanquished Creatures (others)
  2 jackals (D:4)
  A quokka (D:4)
3 creatures vanquished.

Grand Total: 91 creatures vanquished

Notes
Turn   | Place    | Note
-------+----------+-------------------------------------------
     0 | D:5      | Phaedo the Octopode Delver began the quest for the Orb.
     0 | D:5      | Reached XP level 1. HP: 16/16 MP: 1/1
    88 | D:4      | Found a transporter.
    89 | D:4      | Found a transporter.
    89 | D:4      | Noticed vesperbot's ghost (amateur TrHu)
    89 | D:4      | Noticed an ogre
    92 | D:4      | Noticed an ogre
   130 | D:4      | Reached XP level 2. HP: 8/21 MP: 2/2
   346 | D:3      | Reached skill level 7 in Stealth
   354 | D:3      | Reached XP level 3. HP: 26/26 MP: 3/3
   396 | D:3      | Found an iron altar of Okawaru.
   579 | D:2      | Reached XP level 4. HP: 23/31 MP: 4/4
  2145 | D:2      | Reached XP level 5. HP: 36/36 MP: 5/5
  2443 | D:3      | Noticed Terence
  2685 | D:3      | Found a basalt altar of Yredelemnul.
  2712 | D:3      | Noticed Sigmund
  2749 | D:3      | Killed Sigmund
  2750 | D:3      | Reached skill level 8 in Stealth
  2750 | D:3      | Reached XP level 6. HP: 16/42 MP: 6/6
  3556 | D:4      | Found a white marble altar of Elyvilon.
  3656 | D:4      | Reached XP level 7. HP: 36/46 MP: 7/7
  3791 | D:4      | Reached skill level 9 in Stealth
  4454 | D:5      | HP: 1/46 [centaur (5)]
  4457 | D:5      | Slain by a centaur

Illustrated notes

Levels and vault maps discovered:
D:1:      dpeg_arrival_lava_temple_mockup, layout_basic, serial_glass,
          glass_columns_b, glass_columns_b, hangedman_decor_slide_cut
D:2:      layout_rooms, minmay_misc_feat_room, chequers_arboretum,
          minmay_tromino_i4
D:3:      layout_loops_ring, nicolae_overflow_crystal_walls,
          lemuel_crystal_altar, uniq_sigmund, uniq_terence
D:4:      layout_basic, elyvilon_altar_4, gammafunk_ghost_smash, serial_undead,
          serial_undead_f, serial_undead_b, serial_undead_d, serial_undead_d
D:5:      layout_loops_corners, gammafunk_temple_overflow_pools,
          minmay_misc_feat_enclosed

Skill      XL: |  1  2  3  4  5  6  7 |
---------------+----------------------+-----
Stealth        | 7 8 9 |  9.3
Polearms       | 3 4 |  4.9
Dodging        | 3 4 |  4.9
Fighting       | |  3.0

Action                   |  1- 3 |  4- 6 |  7- 9 || total
-------------------------+-------+-------+-------++-------
Melee: Spear             |    42 |   177 |    53 ||   272
       Tentacles         |     7 |    25 |    13 ||    45
       Constrict         |     9 |    36 |     9 ||    54
Throw: Dart              |       |    28 |     7 ||    35
       Stone             |       |     1 |       ||     1
  Use: Potion            |     1 |       |     2 ||     3
 Stab: Sleeping          |     8 |    27 |     4 ||    39
Armor: Skin              |     1 |     6 |     1 ||     8
Dodge: Dodged            |    18 |    80 |    30 ||   128
